 Dungeon Crawl Stone Soup version 0.22-a0-469-gf26638a (webtiles) character file.

56 namelastname112 the Cutter (level 4, -3/29 HPs)
             Began as a Kobold Fighter on June 12, 2018.
             Slain by a hobgoblin
             ... wielding a +0 club
             ... led by Robin
              (6 damage)
             ... on level 2 of the Dungeon.
             The game lasted 00:01:49 (1279 turns).

namelastname112 the Cutter (Kobold Fighter)         Turns: 1279, Time: 00:01:50

Health: -3/29      AC:  3    Str: 13    XL:     4   Next: 15%
Magic:  4/4        EV: 14    Int:  9    God:
Gold:   39         SH:  0    Dex: 15    Spells: 3/3 levels left

rFire    . . .     SeeInvis .   a - +0 rapier
rCold    . . .     Gourm    .   (shield restricted)
rNeg     . . .     Faith    .   c - +0 robe
rPois    .         Spirit   .   (no helmet)
rElec    .         Reflect  .   (no cloak)
rCorr    .         Harm     .   b - +0 pair of gloves
MR       .....                  (no boots)
Stlth    ++........             l - amulet of the acrobat
HPRegen  0.09/turn              (no ring)
MPRegen  0.09/turn              (no ring)

@: no status effects
A: small, carnivore
a: no special abilities


You were on level 2 of the Dungeon.
You were not hungry.

You visited 1 branch of the dungeon, and saw 2 of its levels.

You collected 39 gold pieces.

Inventory:

Hand Weapons
 a - a +0 rapier (weapon)
Armour
 b - a +0 pair of gloves (worn)
 c - a +0 robe (worn)
Jewellery
 l - an amulet of the acrobat (around neck)
Scrolls
 h - a scroll of identify {unknown}
 i - a scroll of immolation {unknown}
 m - a scroll of blinking {unknown}
 n - a scroll of teleportation {unknown}
 o - a scroll of remove curse {unknown}
Potions
 d - a potion of might
 e - a potion of heal wounds {unknown}
 g - a potion of degeneration {unknown}
 j - a potion of resistance {unknown}
 k - a potion of lignification {unknown}
 p - a potion of haste {unknown}
Comestibles
 f - 4 rations


   Skills:
 + Level 3.7 Fighting
 * Level 4.0 Short Blades
 - Level 2.4 Armour
 + Level 1.4 Dodging
 * Level 1.9 Stealth
   Level 2.4 Shields


You had 3 spell levels left.
You didn't know any spells.
Your spell library was empty.

Dungeon Overview and Level Annotations

Branches:
Dungeon (2/15)

Altars:

Annotations:
D:2 Robin


Innate Abilities, Weirdness & Mutations

You are small and have problems with some larger weapons.
You are carnivorous and can eat meat at any time.


Message History

The goblin hits you with a club.
* * * LOW HITPOINT WARNING * * *
You take 5 damage, and have 4/29 hp.
You puncture the goblin!
You kill the goblin!
The hobgoblin no longer looks unusually strong.
The hobgoblin hits you with a club.
* * * LOW HITPOINT WARNING * * *
Robin roars a battlecry!
The hobgoblin goes into a battle-frenzy!
You take 2 damage, and have 2/29 hp.
Things that are here:
a club; a goblin corpse You see here a scroll labeled GITOMO XELAR.
Things that are here:
2 murky amethyst potions; a scale mail You barely miss the hobgoblin.
The hobgoblin is severely wounded.
The hobgoblin hits you with a club.
You die...

#... .................#
##'##
.############.#..#.#
....# ...#.#..#.# ..g.#
#.####.#.#..#.# .g..#
#....<......#.# ##'##
########.##.#.# #.#
>.......#..#.#
#.##################.##.#
#..†.)...?.!.gg@........#
###################...###
####################...#
<.)..........#.........#
#......#####.#.######..#
'......+...........>#..#
#......#####.#.####.#..#
#).....# #.#.# ####
#......# #.#.#


You could see Robin and a hobgoblin.

Vanquished Creatures
  An adder (D:2)
  A worm (D:2)
  A dart slug (D:1)
  5 bats (D:1)
  16 goblins
  5 hobgoblins
  3 frilled lizards
  5 kobolds
37 creatures vanquished.

Vanquished Creatures (others)
  A goblin (D:2)
1 creature vanquished.

Grand Total: 38 creatures vanquished

Notes
Turn   | Place    | Note
-------+----------+-------------------------------------------
     0 | D:1      | namelastname112 the Kobold Fighter began the quest for the Orb.
     0 | D:1      | Reached XP level 1. HP: 14/14 MP: 1/1
    50 | D:1      | Reached skill level 3 in Short Blades
    79 | D:1      | Reached XP level 2. HP: 13/19 MP: 2/2
   279 | D:1      | Reached skill level 1 in Dodging
   788 | D:1      | Reached XP level 3. HP: 21/23 MP: 3/3
   980 | D:2      | Reached skill level 1 in Stealth
  1221 | D:2      | Noticed Robin
  1239 | D:2      | Reached XP level 4. HP: 15/29 MP: 4/4
  1241 | D:2      | Reached skill level 4 in Short Blades
  1279 | D:2      | Slain by a hobgoblin

Vault maps used:
D:1:      dpeg_arrival_connections, serial_forest, infiniplex_forest_diagonal,
          infiniplex_forest_lined_3, infiniplex_forest_clump_double,
          infiniplex_forest_clump_tiny, infiniplex_forest_pool,
          minmay_misc_feat_more_columns, st_stairs_1
D:2:      chequers_ecumenical_altar_grove, uniq_robin, uniq_natasha

Skill      XL: |  1  2  3  4 |
---------------+-------------+-----
Short Blades   | 3 4 |  4.0
Dodging        | 1 |  1.4
Stealth        | 1 |  1.9
Fighting       | |  3.7
Armour         | |  2.4
Shields        | |  2.4

Action                   |  1- 3 |  4- 6 || total
-------------------------+-------+-------++-------
Melee: Rapier            |    96 |    13 ||   109
 Stab: Sleeping          |     1 |       ||     1
  Eat: Chunk             |     1 |       ||     1
Armor: Scale mail        |     9 |       ||     9
       Robe              |    10 |     2 ||    12
Dodge: Dodged            |    75 |    12 ||    87
Block: Shield            |     2 |       ||     2

Table legend:
 A = Spawn XP
 B = Non-spawn XP
 C = Spawn XP percentage of total XP
 D = Spawn monster count
 E = Non-spawn monster count
 F = Spawn count percentage of total count
 G = Total turns spent on level
                    A         B        C        D         E        F      G
               +---------+---------+-------+---------+---------+-------+---------
         Total |       0 |      80 |   0.0 |       0 |      37 |   0.0 |  1279
               +---------+---------+-------+---------+---------+-------+---------
           D:1 |       0 |      32 |   0.0 |       0 |      19 |   0.0 |   939
           D:2 |       0 |      48 |   0.0 |       0 |      18 |   0.0 |   340
               +---------+---------+-------+---------+---------+-------+---------
